 Dungeon Crawl Stone Soup version 0.32-a0-520-g344ed53f66 (console) character file.

Game seed: 10142909925399846905

73 petzl the Sneak (level 4, -3/35 HPs)
             Began as a Formicid Delver on Feb 27, 2024.
             Slain by an adder (4 damage)
             ... in a sewer.
             The game lasted 00:07:53 (537 turns).

petzl the Sneak (Formicid Delver)                    Turns: 537, Time: 00:07:54

Health: -3/35      AC:  4    Str: 17    XL:     4   Next: 51%
Magic:  9/9        EV: 12    Int: 11    God:
Gold:   24         SH:  0    Dex: 15    Spells: 10/10 levels left

rFire   . . .        a - +0 mace
rCold   . . .        (no shield)
rNeg    + . .        b - +0 leather armour
rPois   .            (helmet unavailable)
rElec   .            (no cloak)
rCorr   .            (no gloves)
SInv    +            g - +0 pair of boots
Will    .....        (no amulet)
Stlth   +++          d - ring of positive energy
HPRegen 0.25/turn    (no ring)
MPRegen 0.11/turn

%: no passive effects
@: no status effects
A: permanent stasis, dig shafts and tunnels, antennae 3, four strong arms
a: Dig


You were in a sewer.
You visited 1 branch of the dungeon, and saw 3 of its levels.
You also visited: Sewer.

You collected 24 gold pieces.

Inventory:

Hand Weapons
 a - a +0 mace (weapon)
 h - a +0 sling
Armour
 b - a +0 leather armour (worn)
 g - a +0 pair of boots (worn)
Jewellery
 d - a ring of positive energy (left hand)
Wands
 f - a wand of digging (2)
Scrolls
 c - a scroll of fog


   Skills:
 - Level 3.2 Fighting
 - Level 2.0 Maces & Flails
 - Level 1.7 Dodging
 - Level 6.0 Stealth
 + Level 3.7 Spellcasting


You had 10 spell levels left.
You didn't know any spells.
Your spell library was empty.

Dungeon Overview and Level Annotations

Branches:
Dungeon (5/15)              Sewer (1/1)
 Temple: D:4-7

Altars:

Shops:
D:3 !


Innate Abilities, Weirdness & Mutations

You cannot be hasted, slowed, berserked, paralysed or teleported.
You can dig through walls and to a lower floor.
You have a pair of large antennae on your head. (SInv)
Your four strong arms can wield two-handed weapons with a shield.


Message History

You closely miss the adder.
The adder is heavily wounded.
You feel sick.
The river rat bites you but does no damage.
The adder barely misses you. The adder bites you but does no damage.
The river rat bites you.
* * * LOW HITPOINT WARNING * * *
You sock the adder!
The adder is severely wounded.
* * * LOW HITPOINT WARNING * * *
You feel sick.
The adder bites you but does no damage. x2
The river rat misses you. The adder closely misses you.
The adder barely misses you.
Unknown command.
Unknown command.
Unknown command.
Unknown command.
Unknown command.
Unknown command.
You hit the river rat.
The river rat is lightly wounded.
* * * LOW HITPOINT WARNING * * *
You feel sick. The adder completely misses you.
The adder bites you but does no damage. The river rat completely misses you.
Unknown command.
Unknown command.
Unknown command.
You closely miss the river rat.
The river rat is lightly wounded.
* * * LOW HITPOINT WARNING * * *
You feel sick.
You are no longer poisoned.
The adder closely misses you. The adder bites you but does no damage.
The river rat closely misses you. The adder barely misses you. x2
The river rat closely misses you.
Unknown command.
You hit the river rat.
The river rat is heavily wounded.
The adder closely misses you. The adder bites you.
You die...

##.÷÷÷≈≈≈≈≈≈≈.~~≈≈≈≈≈.....#
#.....~≈~≈~#~~~≈≈≈~~~..∩†.#
#.....~~~~~~#≈≈~~~~≈~..∩..#
##.....≈~~~~.≈≈≈~≈~~~≈.....#
#......~≈≈≈≈≈≈≈≈≈≈≈≈≈≈....##
#....######################
##...## #...## #...# #...##
##...##
#....################## #
#.....#≈≈≈≈≈≈≈≈≈≈≈≈≈≈~#.###
##.....~≈≈≈≈≈≈≈≈≈≈≈≈≈≈....#
#.....~≈~≈≈≈≈≈≈~≈~~~~.....
#.....≈~~#~≈≈≈~#~~~≈~.....
##....≈≈≈~~≈Sr~~#≈~≈~.....
###..≈≈≈~~~@S≈≈≈≈≈≈~#..S.
################### ... ..


You could see 2 adders and a river rat.

Vanquished Creatures
  A hound (D:4)
  A river rat (Sewer)
  2 adders (D:3)
  A ribbon worm (D:3)
  2 ball pythons (Sewer)
  2 giant cockroaches (D:3)
  2 jackals (D:3)
  A quokka (D:3)
  A frilled lizard (D:3)
  3 rats (Sewer)
16 creatures vanquished.

Notes
Turn   | Place    | Note
-------+----------+-------------------------------------------
     0 | D:5      | petzl the Formicid Delver began the quest for the Orb.
     0 | D:5      | Reached XP level 1. HP: 18/18 MP: 1/1
     3 | D:4      | Noticed a hound
    10 | D:4      | Killed a hound
    11 | D:4      | Reached XP level 2. HP: 19/24 MP: 1/5
    11 | D:4      | Reached XP level 3. HP: 23/29 MP: 1/7
    42 | D:4      | Noticed an ogre
   230 | D:3      | Found Vynwul's Distillery.
   245 | D:3      | Found a glowing drain.
   259 | D:3      | Reached XP level 4. HP: 32/33 MP: 8/8
   271 | Sewer    | Entered a sewer
   331 | Sewer    | HP: 1/35 [river rat (3)]
   535 | Sewer    | HP: 1/35 [poisoned by an adder]
   537 | Sewer    | Slain by an adder

Illustrated notes

Levels and vault maps discovered:
D:3:      layout_basic, serial_shops, nicolae_shop_behind_doors,
          gup_sewer_entry_glass, uniq_sigmund
D:4:      minmay_diamond_boxcup, layout_rooms,
          mainiacjoe_overflow_concentric_impassable, serial_curves,
          eino_curves_02, eino_curves_03, serial_shops, shop
D:5:      layout_basic, nicolae_wu_jian_glorious_leap, minmay_temple_entry_wispy
Sewer:    sewer_minmay_w

Skill      XL: |  1  2  3 |
---------------+----------+-----
Spellcasting   | 2 3 |  3.7
Fighting       | |  3.2
Maces & Flails | |  2.0
Dodging        | |  1.7
Stealth        | |  6.0

Action                     |  1- 3 |  4- 6 || total
---------------------------+-------+-------++-------
  Melee: Mace              |    27 |    34 ||    61
Ability: Dig               |     2 |       ||     2
  Evoke: Wand              |     1 |       ||     1
    Use: Scroll            |     1 |     1 ||     2
   Stab: Distracted        |     1 |       ||     1
         Sleeping          |     1 |       ||     1
 Armour: Leather armour    |    19 |    36 ||    55
  Dodge: Dodged            |    39 |    37 ||    76

Table legend: (Time is in decaauts)
 A = Elapsed time spent in this place.
 B = Non-inter-level travel time spent in this place.
 C = Inter-level travel time spent in this place.
 D = Time resting spent in this place.
 E = Time spent auto-exploring this place.
 F = Levels seen in this place.
 G = Mean time per level.
                   A        B        C        D        E       F      G
               +--------+--------+--------+--------+--------+-----+--------+
         Total |    591 |    591 |      0 |    182 |     72 |   4 |  147.8 |
       Dungeon |    281 |    281 |      0 |     49 |      6 |   3 |   93.7 |
         Sewer |    309 |    309 |      0 |    133 |     66 |   1 |  309.0 |
               +--------+--------+--------+--------+--------+-----+--------+

Top non-repeatable levels by time:
   Sewer: 309 daAuts
     D:3: 197 daAuts
     D:4: 60 daAuts
     D:5: 23 daAuts
